 Dungeon Crawl Stone Soup version 0.32-a0-20-ge526923d97 (webtiles) character file.

Game seed: 8838993784018829174

6092 jasper the Severer (level 10, -1/91 HPs)
             Began as a Hill Orc Cinder Acolyte on Jan 17, 2024.
             Was an Elder of Ignis.
             Slain by a two-headed ogre
             ... wielding a +0 giant spiked club
              (19 damage)
             ... on level 9 of the Dungeon.
             The game lasted 00:11:59 (9106 turns).

jasper the Severer (Hill Orc Cinder Acolyte)        Turns: 9106, Time: 00:11:59

Health: -1/91      AC: 15    Str: 22    XL:     10   Next: 88%
Magic:  11/11      EV:  6    Int: 14    God:    Ignis [****..]
Gold:   375        SH:  5    Dex:  6    Spells: 9/11 levels left

rFire   + . .        L - +0 battleaxe
rCold   . . .        (shield currently unavailable)
rNeg    . . .        B - +0 plate armour
rPois   .            (no helmet)
rElec   .            D - +0 cloak
rCorr   .            (no gloves)
SInv    .            I - +0 pair of boots
Will    .....        f - amulet of reflection Stlth
                     (no ring)
HPRegen 0.35/turn    (no ring)
MPRegen 0.12/turn

%: reflection
@: no status effects
A: no striking features
a: Renounce Religion, Fiery Armour, Foxfire Swarm, Rising Flame


You were on level 9 of the Dungeon.
You worshipped Ignis.
Ignis was greatly pleased with you.
You visited 1 branch of the dungeon, and saw 9 of its levels.
You also visited: Ossuary.

You collected 375 gold pieces.

Inventory:

Hand Weapons
 a - a -1 spectral hand axe
 l - a +4 short sword
 n - a +4 flail
 v - a +1 war axe
 z - a +0 war axe
 G - a +1 dire flail of draining
 L - a +0 battleaxe (weapon)
 P - a +3 antimagic trident
Missiles
 e - 19 poisoned darts (quivered)
 i - an atropa-tipped dart
 k - 71 stones
 o - 3 boomerangs
Armour
 b - a +0 robe
 p - a +0 scale mail
 B - a +0 plate armour (worn)
 D - a +0 cloak (worn)
 I - a +0 pair of boots (worn)
Jewellery
 f - an amulet of reflection (around neck)
 h - a ring of flight
 m - a +4 ring of protection
Wands
 s - a wand of flame (25)
 w - a wand of mindburst (43)
 E - a wand of acid (7)
 J - a wand of digging (7)
Scrolls
 g - a scroll of brand weapon
 t - 3 scrolls of fog
 u - 4 scrolls of teleportation
 y - a scroll of vulnerability
 F - a scroll of blinking
 H - a scroll of noise
 O - a scroll of identify
 Q - a scroll of enchant weapon
Potions
 c - a potion of mutation
 d - a potion of lignification
 j - 4 potions of curing
 q - 2 potions of might
 r - 2 potions of heal wounds
 x - a potion of attraction
 A - 2 potions of enlightenment
 C - 2 potions of magic
 K - a potion of cancellation
 M - a potion of ambrosia {unknown}
 N - a potion of brilliance {unknown}


   Skills:
 * Level 9.2 Fighting
 - Level 16.0 Axes
 * Level 6.4 Armour
 - Level 1.0 Spellcasting
 - Level 3.2 Fire Magic
 + Level 4.6 Evocations


You had 9 spell levels left.
You knew the following spells:

 Your Spells              Type           Power      Damage    Failure   Level
a - Blink                 Tloc           0%         N/A       100%        2

Your spell library contained the following spells:

 Spells                   Type           Power      Damage    Failure   Level
 Scorch                   Fire           18%        2d5       88%         2
 Magic Dart               Conj           0%         1d3       99%         1
 Sting                    Conj/Alch      0%         1d3       99%         1
 Call Imp                 Summ           0%         N/A       100%        2
 Mercury Vapours          Alch/Air       0%         N/A       100%        2
 Tukima's Dance           Hex            0%         N/A       100%        3
 Dimensional Bullseye     Hex/Tloc       0%         N/A       100%        4
 Iskenderun's Mystic Bla  Conj/Tloc      0%         2d3       100%        4
 Olgreb's Toxic Radiance  Alch           0%         N/A       100%        4


Dungeon Overview and Level Annotations

Branches:
Dungeon (9/15)             Temple (0/1) D:6         Ossuary (visited)
   Lair: D:8-11         Orc: D:9-12

Altars:
Zin
The Shining One


Message History

The acid corrodes the gnoll!
You kill the gnoll!
The bolt of acid hits the two-headed ogre!
The acid corrodes the two-headed ogre!
The two-headed ogre is moderately wounded.
The bolt of acid hits the gnoll!
You kill the gnoll!
Okay, then.
You slash the gnoll bouda!
The gnoll bouda is almost dead.
The gnoll bouda barks out a call to the hunt!
The gnoll picks up the pace!
You slash the gnoll bouda!
You kill the gnoll bouda!
You slash the two-headed ogre!
The two-headed ogre is heavily wounded.
A gnoll comes into view. It is wielding a +0 spear.
The two-headed ogre hits you with a +0 giant spiked club!
The two-headed ogre hits you with a +0 giant club!
You take 29 damage, and have 53/91 hp.
MASSIVE DAMAGE!!
You slash the two-headed ogre!
The two-headed ogre is severely wounded.
Your attacks no longer feel as feeble.
The gnoll hits you but does no damage.
You hit the two-headed ogre.
The two-headed ogre is severely wounded.
The gnoll barely misses you.
The two-headed ogre hits you with a +0 giant spiked club.
The two-headed ogre hits you with a +0 giant club!
You take 12 damage, and have 42/91 hp.
You slash the two-headed ogre!
The two-headed ogre is almost dead.
The gnoll hits you from afar with a +0 halberd.
You take 5 damage, and have 37/91 hp.
You hit the two-headed ogre but do no damage.
The two-headed ogre is almost dead.
The two-headed ogre hits you with a +0 giant spiked club!!
* * * LOW HITPOINT WARNING * * *
The two-headed ogre hits you with a +0 giant club!!
You die...

.c.......#.##.#
#c##.##.#
#.##.##.#
#.##.##.#
#.##.##.#
#.##.##.#
#.....#.#
#.####)##g####
#.....).)gO@.#
#.####.#######
###


You could see a two-headed ogre (corroded) and 2 gnolls.

Vanquished Creatures
  Psyche (D:8)
  A troll (D:8)
  A wyvern (D:7)
  6 yaks
  A steam dragon (D:8)
  Menkaure (D:4)
  5 water moccasins
  A sky beast (D:7)
  2 black bears (D:7)
  4 orc warriors
  An ice beast (D:6)
  2 ogres
  3 centaurs
  A weeping skull (Ossuary)
  2 kobold brigands (D:8)
  6 bullfrogs
  2 scorpions (D:4)
  3 water moccasin zombies (Ossuary)
  5 wights (D:7)
  5 killer bees (D:6)
  3 howler monkeys
  2 bullfrog zombies (Ossuary)
  A centaur zombie (Ossuary)
  4 gnoll boudas
  4 orc priests
  4 jellies
  2 bombardier beetles
  3 hounds
  A human zombie (Ossuary)
  3 sleepcaps (D:5)
  A scorpion zombie (Ossuary)
  Jessica (D:3)
  2 orc wizards (D:9)
  4 iguanas
  2 ogre zombies (Ossuary)
  A mummy (D:6)
  11 gnolls
  11 adders
  4 white imps
  4 adder zombies (Ossuary)
  3 dart slugs
  A ribbon worm (D:3)
  15 orcs
  13 ball pythons
  2 bats
  9 endoplasms
  5 giant cockroaches
  6 hobgoblins
  4 jackals
  4 quokkas
  2 frilled lizards
  3 gnoll zombies (Ossuary)
  8 goblins
  4 goblin zombies (Ossuary)
  3 hobgoblin zombies (Ossuary)
  9 kobolds
  2 kobold zombies (D:6)
  3 orc zombies (Ossuary)
  3 rats
220 creatures vanquished.

Notes
Turn   | Place    | Note
-------+----------+-------------------------------------------
     0 | D:1      | jasper the Hill Orc Cinder Acolyte began the quest for the
                  | Orb.
     0 | D:1      | Reached XP level 1. HP: 19/19 MP: 2/2
   102 | D:1      | Found a faded altar of an unknown god.
   223 | D:1      | Reached XP level 2. HP: 22/26 MP: 3/3
   236 | D:1      | Learned a level 2 spell: Scorch
   381 | D:1      | Reached skill level 5 in Axes
   925 | D:1      | Reached XP level 3. HP: 30/31 MP: 1/4
  1413 | D:2      | Reached skill level 6 in Axes
  1418 | D:2      | Reached XP level 4. HP: 39/39 MP: 0/5
  1693 | D:2      | Found a glowing silver altar of Zin.
  2135 | D:3      | Reached skill level 7 in Axes
  2234 | D:3      | Noticed Jessica
  2239 | D:3      | Killed Jessica
  2240 | D:3      | Reached XP level 5. HP: 34/45 MP: 6/6
  2726 | D:3      | Reached skill level 8 in Axes
  3252 | D:4      | Noticed Menkaure
  3262 | D:4      | Killed Menkaure
  3263 | D:4      | Reached skill level 9 in Axes
  3263 | D:4      | Reached XP level 6. HP: 51/51 MP: 7/7
  3294 | D:4      | Reached skill level 10 in Axes
  3294 | D:4      | Reached XP level 7. HP: 47/57 MP: 8/8
  3713 | D:4      | Reached skill level 11 in Axes
  3854 | D:4      | Found a glowing golden altar of the Shining One.
  3971 | D:5      | Entered Level 5 of the Dungeon
  4059 | D:5      | Identified the +0 dagger of the Fray {holy, rPois Str+4
                  | Int-3}
  4118 | D:5      | Reached skill level 12 in Axes
  4118 | D:5      | Reached XP level 8. HP: 49/64 MP: 9/9
  4300 | D:5      | Noticed a yak
  4380 | D:5      | Reached skill level 13 in Axes
  4426 | D:5      | Killed a yak
  4840 | D:6      | Reached skill level 14 in Axes
  4937 | D:6      | Found a staircase to the Ecumenical Temple.
  4956 | D:6      | Reached XP level 9. HP: 39/70 MP: 10/10
  5180 | D:6      | Reached skill level 15 in Axes
  5208 | D:6      | Found a sand-covered staircase.
  5215 | Ossuary  | Entered an ossuary
  5565 | Ossuary  | Noticed a silent spectre
  5773 | D:6      | Reached skill level 16 in Axes
  6227 | D:7      | Reached skill level 1 in Armour
  6241 | D:7      | Reached skill level 1 in Evocations
  6514 | D:7      | Reached skill level 5 in Fighting
  7062 | D:7      | Reached XP level 10. HP: 66/81 MP: 11/11
  7765 | D:8      | Learned a level 2 spell: Blink
  8026 | D:8      | Reached skill level 5 in Armour
  8834 | D:8      | Noticed Psyche
  8849 | D:8      | Killed Psyche
  9088 | D:9      | Noticed a two-headed ogre
  9106 | D:9      | Slain by a two-headed ogre

Illustrated notes

Levels and vault maps discovered:
D:1:      nicolae_arrival_washed_ashore, layout_basic,
          ebering_ecumenical_altar_sacrificial, nicolae_hexahallways,
          nicolae_kite_square_tiling_tiny, chequers_serial_rivers_room_a
D:2:      layout_loops_ring, basic_altar
D:3:      kb_forest_paths, layout_basic, hangedman_decor_peaks_small,
          uniq_jessica
D:4:      layout_basic, nicolae_tso_carved_into_rock, uniq_menkaure
D:5:      minmay_clustersquares, layout_rooms
D:6:      layout_cave_pods, minmay_temple_entry_grid,
          nicolae_ossuary_entry_giza, fountainhead
D:7:      layout_loops_ring
D:8:      statuecave_lemuel, layout_basic, uniq_psyche
D:9:      layout_basic, grunt_qazlal_clouds, david_lair_generic

Skill      XL: |  1  2  3  4  5  6  7  8  9 10 |
---------------+-------------------------------+-----
Axes           | 5 6 7 9 10 12 14 16 | 16.0
Fighting       | 6 9 |  9.2
Armour         | 3 6 |  6.4
Evocations     | 2 4 |  4.6
Spellcasting   | |  1.0
Fire Magic     | |  3.2

Action                     |  1- 3 |  4- 6 |  7- 9 | 10-12 || total
---------------------------+-------+-------+-------+-------++-------
  Melee: Hand axe          |    51 |   122 |    21 |       ||   194
         Punch             |       |     2 |     2 |       ||     4
         War axe           |       |       |   323 |     7 ||   330
         Battleaxe         |       |       |       |   173 ||   173
  Throw: Dart              |       |       |    10 |    10 ||    20
   Cast: Scorch            |    17 |     9 |       |       ||    26
 Invoke: Fiery Armour      |       |     1 |     3 |       ||     4
  Evoke: Wand              |       |       |       |     1 ||     1
    Use: Scroll            |       |     7 |    13 |       ||    20
   Stab: Invisible         |       |       |     1 |       ||     1
 Armour: Robe              |    25 |    13 |       |       ||    38
         Scale mail        |       |    51 |    94 |       ||   145
         Plate armour      |       |       |   138 |   158 ||   296
  Dodge: Dodged            |    24 |    45 |    84 |    37 ||   190
  Block: Other             |     6 |    25 |    73 |    33 ||   137
         Reflection        |       |       |       |     3 ||     3

Table legend: (Time is in decaauts)
 A = Elapsed time spent in this place.
 B = Non-inter-level travel time spent in this place.
 C = Inter-level travel time spent in this place.
 D = Time resting spent in this place.
 E = Time spent auto-exploring this place.
 F = Levels seen in this place.
 G = Mean time per level.
                   A        B        C        D        E       F      G
               +--------+--------+--------+--------+--------+-----+--------+
         Total |   8986 |   8493 |    493 |    319 |   6572 |  10 |  898.6 |
       Dungeon |   8620 |   8127 |    493 |    319 |   6332 |   9 |  957.8 |
       Ossuary |    366 |    366 |      0 |      0 |    240 |   1 |  366.0 |
               +--------+--------+--------+--------+--------+-----+--------+

Top non-repeatable levels by time:
     D:8: 1448 daAuts
     D:7: 1362 daAuts
     D:1: 1153 daAuts
     D:3: 1144 daAuts
     D:6: 1058 daAuts
     D:2: 1007 daAuts
     D:5: 723 daAuts
     D:4: 654 daAuts
 Ossuary: 366 daAuts
     D:9: 66 daAuts
